 Dungeon Crawl Stone Soup version 0.17-a0-1115-g0372368 (webtiles) character file.

40 Hanyuu the Insei (level 3, 15/23 HPs)
             Began as an Octopode Transmuter on May 22, 2015.
             Quit the game on level 2 of the Dungeon.
             The game lasted 00:03:49 (1071 turns).

Hanyuu the Insei (Octopode Transmuter)              Turns: 1071, Time: 00:03:49

Health: 15/23      AC:  1    Str:  9    XL:     3   Next: 50%
Magic:  6/6        EV: 12    Int: 16    God:
Gold:   79         SH:  0    Dex: 12    Spells: 3 memorised, 0 levels left

rFire  . . .     SeeInvis .       - Unarmed
rCold  . . .     Clarity  .     (no shield)
rNeg   . . .     SustAt   .     (helmet restricted)
rPois  .         Gourm    .     (no amulet)
rElec  .         Spirit   .     (no ring)
rCorr  .         Warding  .     (no ring)
rMut   .         Stasis   .     (no ring)
MR     .....                    (no ring)
Stlth  +++.......               (no ring)
                                (no ring)
                                (no ring)
                                (no ring)

@: not resistant to hostile enchantments, fairly stealthy
A: almost no armour, amphibious, 8 rings, constrict 8, camouflage 1, gelatinous
body 1
a: no special abilities


You were on level 2 of the Dungeon.
You were not hungry.

You visited 1 branch of the dungeon, and saw 2 of its levels.

You collected 79 gold pieces.

Inventory:

Hand weapons
 e - a +0 hunting sling
 n - a +0 hunting sling
Missiles
 a - 28 arrows
 f - 12 poisoned needles
 o - 21 stones (quivered)
Scrolls
 g - a scroll of noise {unknown}
 h - a scroll of random uselessness {unknown}
 i - a scroll of immolation {unknown}
 j - a scroll of teleportation {unknown}
 q - a scroll of recharging
Potions
 k - a potion of cure mutation {unknown}
 l - 2 potions of cancellation
 p - a potion of lignification {unknown}
Books
 b - a book of Changes

   Spells                             Type                      Level
   a - Beastly Appendage              Transmutation                1
   b - Sticks to Snakes               Transmutation                2
   c - Spider Form                    Transmutation/Poison         3
   d - Ice Form                       Ice/Transmutation            4
   e - Blade Hands                    Transmutation                5
Comestibles
 c - a bread ration
 m - 2 chunks of flesh


   Skills:
 - Level 1.0 Fighting
 - Level 2.0 Dodging
 - Level 1.7 Stealth
 + Level 4.2 Unarmed Combat
 - Level 2.0 Spellcasting
 - Level 2.0 Transmutations


You couldn't memorise any spells.
You knew the following spells:

 Your Spells              Type           Power        Failure   Level  Hunger
a - Beastly Appendage     Trmt           #.....       10%         1    #......
b - Sticks to Snakes      Trmt           #.........   14%         2    ###....
c - Spider Form           Trmt/Pois      #.........   38%         3    ###....


Dungeon Overview and Level Annotations

Branches:
Dungeon (2/15)

Altars:


Innate Abilities, Weirdness & Mutations

You cannot wear most types of armour.
You are amphibious.
You can wear up to eight rings at the same time.
You can use your tentacles to constrict eight enemies at once.
Your skin changes colour to match your surroundings (Stealth).
Your rubbery body absorbs attacks (AC +1).


Message History

You continue eating. x2
Found a stone staircase leading down.
A goblin comes into view.
The helpless goblin fails to defend itself.
You bludgeon the goblin!
You kill the goblin!
No target in view!
A goblin comes into view. It is wielding a club.
The goblin shouts!
The goblin hits you but does no damage.
You tentacle-slap the goblin. Your grab misses the goblin.
The goblin is moderately wounded.
The goblin hits you with a club.
You closely miss the goblin. Your grab misses the goblin.
The goblin is moderately wounded.
You tentacle-slap the goblin.
You kill the goblin!
No target in view!
Found a stone staircase leading up.
Are you sure you want to abandon this character and quit the game? (Confirm with "yes".)

#.######.##.#
#.<.. #.# #.
#.# ####. #.#
#. #.# #. #.#
#. #.# #. #.#
#< #.# ##.
#.# #. #.#
#.. #.# #.
#.# ##. #.#
#.##.# ## #.#
#$@..# # #.#
#..### . #.#
#..# . #.#
#... #.# ....
#.# ######
#.# ##.# #..#
#.#


There were no monsters in sight!

Vanquished Creatures
  A worm (D:2)
  4 bats
  5 hobgoblins
  2 jackals (D:2)
  4 ball pythons
  3 giant cockroaches
  3 giant newts
  6 goblins
  2 kobolds
  A quokka (D:2)
  6 rats
  A plant (D:1)
38 creatures vanquished.

Notes
Turn   | Place    | Note
--------------------------------------------------------------
     0 | D:1      | Hanyuu the Octopode Transmuter began the quest for the Orb.
     0 | D:1      | Reached XP level 1. HP: 13/13 MP: 3/3
   255 | D:1      | Reached XP level 2. HP: 18/18 MP: 5/5
   500 | D:2      | Reached skill level 1 in Stealth
   624 | D:2      | Reached XP level 3. HP: 11/23 MP: 6/6
   628 | D:2      | Learned a level 2 spell: Sticks to Snakes
   632 | D:2      | Learned a level 3 spell: Spider Form
   890 | D:2      | Reached skill level 4 in Unarmed Combat
  1071 | D:2      | Quit the game

Vault maps used:
D:1:      lightli_arrival_chessboard, serial_forest,
          infiniplex_forest_clump_tiny, infiniplex_forest_clump_tiny,
          infiniplex_forest_lined_3, infiniplex_forest_clump_small,
          infiniplex_forest_lined_2, infiniplex_forest_straight_2,
          infiniplex_forest_clump_double, infiniplex_forest_clump_double,
          infiniplex_forest_lined_4_way
D:2:      serial_bayou_pond_b

Action                   || total
-------------------------++-------
Melee: Unarmed           ||   103
 Cast: Beastly Appendage ||     5
  Use: Scroll            ||     2
 Stab: Sleeping          ||     9
  Eat: Chunk             ||     1
